 Dungeon Crawl Stone Soup version 0.29-a0-876-gfc89b1a5bd (webtiles) character file.

Game seed: 18097622103269784731

55646 buhh the Alchemist (level 15, -2/176 HPs)
             Began as a Meteoran Transmuter on July 19, 2022.
             Was a Priest of Cheibriados.
             Shot with an arrow by a naga sharpshooter (5 damage)
             ... led by Vashnia
             ... on level 2 of the Snake Pit.
             The game lasted 00:49:27 (8218 turns).

buhh the Alchemist (Meteoran Transmuter)            Turns: 8218, Time: 00:49:28

Health: -2/176     AC: 27    Str: 19    XL:     15   Next: 61%
Magic:  3/24       EV: 22    Int: 31    God:    Cheibriados [***...]
Gold:   108        SH:  0    Dex: 24    Spells: 2/19 levels left

rFire   + . .      SeeInvis +     - Unarmed
rCold   . . .      Faith    .   (no shield)
rNeg    + . .      Spirit   .   (body armour currently unavailable)
rPois   ∞          Reflect  .   (no helmet)
rElec   +          Harm     .   (no cloak)
rCorr   .          Rampage  .   (gloves currently unavailable)
Will    +....                   (boots currently unavailable)
Stlth   +.........              (no amulet)
HPRegen 0.39/turn               x - ring of Coihazuj {rF+ Slay+2}
MPRegen 0.19/turn               K - ring of see invisible

@: statue-form, wereblooded, glowing, very slow
A: slow and powerful, torment resistance 1, boosted hp, sense surroundings 2,
otherworldly, glowing, explore regen
a: End Transformation, Renounce Religion, Bend Time, Temporal Distortion


You were on level 2 of the Snake Pit.
You worshipped Cheibriados.
Cheibriados was most pleased with you.
You were a living statue of rough stone.
You visited 5 branches of the dungeon, and saw 22 of its levels.
You also visited: Ossuary and Bailey.

You collected 1037 gold pieces.
You spent 929 gold pieces at shops.

Inventory:

Hand Weapons
 i - the +3 Elemental Staff {rElec rF++ rC++ AC+5}
   (You took it off a deep elf pyromancer on level 8 of the Dungeon)

   If the wielder is skilled in Evocations, they can discharge powerful blasts
   of elemental energy when striking with it.
   It enhances your fire, ice, earth and air magic.
   AC:        It affects your AC (+5).
   rF:        It greatly protects you from fire.
   rC:        It greatly protects you from cold.
   rElec:     It insulates you from electricity.
Missiles
 l - 10 curare-tipped darts
 J - 22 poisoned darts
 O - a throwing net
Armour
 o - a +1 robe
 G - the +0 robe "Mycour" (melded) {Dex+4}
   (You found it on level 9 of the Dungeon)

   Dex:       It affects your dexterity (+4).
 H - the +10 ice dragon scales "Tuczov" {rF- rC++ rN+}
   (You found it in a bailey)

   rF:        It makes you vulnerable to fire.
   rC:        It greatly protects you from cold.
   rN:        It protects you from negative energy.
 M - a +0 pair of gloves (melded)
Magical Staves
 I - a staff of conjuration
Jewellery
 b - a ring of flight
 j - a ring of positive energy
 x - the ring of Coihazuj (left fist) {rF+ Slay+2}
   (You found it on level 5 of the Dungeon)

   [ring of protection from fire]

   Slay:      It affects your accuracy & damage with ranged weapons and melee
   (+2).
   rF:        It protects you from fire.
 K - a ring of see invisible (right fist)
Wands
 a - a wand of mindburst (1)
 E - a wand of flame (17)
 F - a wand of charming (3)
Scrolls
 c - 3 scrolls of teleportation {!d!d}
 d - 3 scrolls of magic mapping {!d}
 e - a scroll of vulnerability
 f - 3 scrolls of fog
 g - 4 scrolls of amnesia
 h - 3 scrolls of enchant armour
 z - a scroll of silence {!r}
 A - 3 scrolls of noise
 B - 4 scrolls of brand weapon
Potions
 m - a potion of might
 n - 5 potions of lignification {!d}
 q - a potion of haste {unknown}
 r - 3 potions of cancellation {!q!d}
 s - a potion of berserk rage {unknown}
 t - 4 potions of brilliance {!d}
 u - 2 potions of ambrosia {!d}
 v - 5 potions of curing {!d}
 y - 3 potions of attraction
 C - a potion of magic {unknown}
 D - a potion of mutation {unknown}
 L - a potion of resistance {unknown}
 N - 2 potions of degeneration {unknown}
 Z - 3 potions of flight


   Skills:
 + Level 13.3 Fighting
 - Level 12.0 Dodging
 + Level 14.7 Unarmed Combat
 - Level 2.7 Spellcasting
 - Level 16.0 Transmutations
 * Level 4.1 Earth Magic
 - Level 1.0 Poison Magic
 * Level 11.8 Invocations


You had 2 spell levels left.
You knew the following spells:

 Your Spells              Type           Power      Damage    Failure   Level
b - Wereblood             Tmut           80%        N/A       0%          2
d - Ice Form              Ice/Tmut       52%        N/A       2%          4
e - Blade Hands           Tmut           40%        N/A       1%          5
f - Statue Form           Tmut/Erth      40%        N/A       17%         6

Your spell library contained the following spells:

 Spells                   Type           Power      Damage    Failure   Level
 Beastly Appendage        Tmut           100%       N/A       0%          1
 Freeze                   Ice            16%        1d4       7%          1
 Magic Dart               Conj           16%        1d3       7%          1
 Necrotise                Necr           16%        1d4       7%          1
 Searing Ray              Conj           8%         2d4       11%         2
 Spider Form              Tmut/Pois      54%        N/A       1%          3
 Yara's Violent Unravell  Hex/Tmut       26%        3d11      7%          5
 Stone Arrow              Conj/Erth      34%        3d9       9%          3
 Frozen Ramparts          Ice            8%         1d2       21%         3
 Gell's Gravitas          Tloc           4%         N/A       21%         3
 Lesser Beckoning         Tloc           4%         N/A       21%         3
 Teleport Other           Tloc           4%         N/A       21%         3
 Vampiric Draining        Necr           4%         2d6       21%         3
 Leda's Liquefaction      Hex/Erth       8%         N/A       28%         4
 Lee's Rapid Deconstruct  Erth           14%        3d10*     34%         5
 Anguish                  Hex/Necr       2%         N/A       56%         4
 Fulminant Prism          Conj/Hex       2%         3d6       56%         4
 Hailstorm                Conj/Ice       4%         3d4       56%         4
 Agony                    Necr           4%         N/A       88%         5
 Enfeeble                 Hex            2%         N/A       100%        7


Dungeon Overview and Level Annotations

Branches:
Dungeon (15/15) Zot: 4198  Temple (1/1) D:5 Zot: 768    Lair (2/5) D:9 Zot: 1478
  Snake (2/4) Lair:2 Zot: 1284     Orc (2/2) D:9 Zot: 1143     Elf (0/3) Orc:2
Ossuary (visited)          Bailey (visited)
  Swamp: Lair:2-3    Shoals: Lair:2-3    Vaults: D:13-14     Depths: D:15

Altars:
Ashenzari
Cheibriados
Dithmenos
Elyvilon
Fedhas
Gozag
Hepliaklqana
Kikubaaqudgha
Makhleb
Nemelex Xobeh
Okawaru
Qazlal
Ru
Sif Muna
Trog
Uskayaw
Vehumet
Wu Jian
Xom
Yredelemnul
Zin
The Shining One

Shops:
D:1 !   D:2 *   D:8 (!([?   D:12 =   Orc:2 =*[(   Snake:1 **(

Annotations:
Snake:2 Vashnia


Innate Abilities, Weirdness & Mutations

You are a living statue of rough stone.
Your actions are slow, but your melee attacks are powerful.
You are resistant to unholy torment.
Your maximum health is greatly increased.
You are immune to poison.
Your equipment is partially melded.
You passively map the area around you.
You are easily found by Zot.
You glow in the dark.
You regain HP and MP as you explore.


Message History

The arrow hits you!
* * * LOW HITPOINT WARNING * * *
Activating: Slouch (1% risk of failure)
Press: ? - help, Dir - look around, f - activate You can feel time thicken for a moment.
You can no longer inflict damage on those overly hasty.
Cheibriados lowers the support of your attributes as your movement quickens.
The naga sharpshooter shoots a bolt.
The bolt closely misses you.
The naga sharpshooter mumbles some strange words.
The naga sharpshooter magically shoots an arrow.
The arrow hits you but does no damage.
The naga sharpshooter casts a spell.
The naga sharpshooter magically shoots an arrow.
The arrow closely misses you.
The naga sharpshooter shoots an arrow.
The arrow hits you!!
* * * LOW HITPOINT WARNING * * *
The naga sharpshooter shoots a bolt.
The bolt hits you!
* * * LOW HITPOINT WARNING * * *
You feel better.
You howl as the wereblood boils in your veins!
The naga sharpshooter mumbles some strange words.
The naga sharpshooter magically shoots an arrow.
The arrow misses you.
The naga sharpshooter shoots an arrow.
The arrow hits you but does no damage.
The naga sharpshooter mumbles some strange words.
The naga sharpshooter magically shoots a bolt.
The bolt barely misses you.
The naga sharpshooter spits poison at you.
The splash of poison hits you but does no damage.
You resist.
You barely miss the naga sharpshooter.
The naga sharpshooter is severely wounded.
The naga sharpshooter mumbles some strange words.
The naga sharpshooter magically shoots a bolt.
The bolt hits you!
* * * LOW HITPOINT WARNING * * *
The naga sharpshooter gestures wildly while chanting.
The naga sharpshooter magically shoots an arrow.
The arrow hits you.
You die...

#............## ######
..............###....#
....................##
.........#######...##
.......###.....'...##
.......# ......#....#
###....# ..... #....#
..##...# .... #....#
...#...# ... ,#8N..#
####...# .. ,, #NN...#
.......# .,, .N....#
........*** * #......#
<......., ..<....#
........,
,,,.........# ........
,,.........# ........
, ....N..#### ........
, ,


You could see Vashnia and 4 naga sharpshooters.

Vanquished Creatures
  Nikola (Snake:1)
  Donald (Orc:2)
  Louise (D:14)
  Snorg (D:11)
  Josephine (D:11)
  4 ogre magi (Orc:2)
  2 hydras
  A salamander tyrant (Snake:2)
  13 two-headed ogres
  2 anacondas (Snake:2)
  A centaur warrior (D:14)
  A naga sharpshooter (Snake:2)
  A tengu warrior (D:14)
  A shock serpent (Snake:2)
  A salamander mystic (Snake:1)
  4 skeletal warriors (D:12)
  2 deep elf pyromancers
  Pikel (D:8)
  7 orc knights
  4 orc sorcerers
  3 salamanders
  Maurice (D:11)
  2 cyclopes (D:13)
  An ugly thing (D:12)
  2 manticores
  5 black mambas
  2 gargoyles
  A cane toad (Lair:2)
  A naga mage (Snake:1)
  An unseen horror (D:11)
  Maggie (D:8)
  2 rime drakes (D:8)
  A komodo dragon (D:12)
  5 kobold demonologists
  8 trolls
  7 wraiths
  4 yaks (D:9)
  A vampire (D:11)
  2 basilisks (Lair:2)
  2 steam dragons (D:8)
  21 vampire mosquitoes
  An acid dragon (D:11)
  2 wargs (Orc:1)
  9 nagas
  5 water moccasins
  27 orc warriors
  5 black bears
  An ice beast (D:5)
  32 ogres
  A centaur (D:9)
  A lemure (D:8)
  4 kobold brigands
  6 bullfrogs
  2 necrophages
  2 gnoll sergeants
  5 scorpions
  9 wights
  4 howler monkeys (D:10)
  5 killer bees (D:8)
  An electric eel (Lair:2)
  3 hounds
  29 orc priests
  A human zombie (Ossuary)
  An iron imp (D:9)
  Jessica (D:2)
  6 iguanas
  25 orc wizards
  3 mummies (Ossuary)
  25 gnolls
  8 adders
  3 shadow imps (D:7)
  2 white imps
  An ufetubus (D:4)
  3 worms
  3 dart slugs
  87 orcs
  2 ball pythons
  4 bats
  4 bat skeletons (D:5)
  A bat zombie (D:5)
  5 endoplasms
  3 giant cockroaches
  A gnoll zombie (D:4)
  6 goblins
  10 hobgoblins
  8 jackals
  3 quokkas
  3 frilled lizards
  3 goblin zombies (Ossuary)
  4 hobgoblin zombies (Ossuary)
  18 kobolds
  4 kobold zombies (Ossuary)
  3 rats
528 creatures vanquished.

Vanquished Creatures (others)
  A black mamba (Snake:1)
  An orc wizard (D:4)
  53 fungi (D:9)
  69 plants
124 creatures vanquished.

Grand Total: 652 creatures vanquished

Notes
Turn   | Place    | Note
-------+----------+-------------------------------------------
     0 | D:1      | buhh the Meteoran Transmuter began the quest for the Orb.
     0 | D:1      | Reached XP level 1. HP: 16/16 MP: 5/5
    39 | D:1      | Got the Handbook of Dusty Moulding
   143 | D:1      | Reached XP level 2. HP: 18/23 MP: 6/6
   225 | D:1      | Reached skill level 1 in Poison Magic
   266 | D:1      | Reached XP level 3. HP: 23/28 MP: 8/8
   329 | D:1      | Found Sanan's Distillery.
   338 | D:1      | Reached skill level 3 in Transmutations
   355 | D:1      | Bought a potion of heal wounds for 55 gold pieces
   359 | D:2      | Noticed Jessica
   379 | D:2      | Killed Jessica
   380 | D:2      | Reached XP level 4. HP: 26/36 MP: 9/9
   389 | D:2      | Found Fohokhoh's Assorted Antiques.
   424 | D:2      | Bought a scroll labelled FUJIAV HOSYOPS for 18 gold pieces
   635 | D:2      | Reached XP level 5. HP: 34/42 MP: 8/10
   644 | D:2      | Learned a level 2 spell: Wereblood
   651 | D:2      | Learned a level 3 spell: Spider Form
   681 | D:2      | Found a faded altar of an unknown god.
  1076 | D:4      | Found a bloodstained altar of Trog.
  1099 | D:4      | Found a sand-covered staircase.
  1116 | Ossuary  | Entered an ossuary
  1116 | Ossuary  | Noticed a wraith
  1116 | Ossuary  | Noticed a wraith
  1116 | Ossuary  | Noticed a wraith
  1164 | Ossuary  | Reached XP level 6. HP: 26/50 MP: 8/11
  1180 | Ossuary  | Noticed a wraith
  1190 | Ossuary  | Killed a wraith
  1191 | Ossuary  | Reached skill level 5 in Unarmed Combat
  1191 | Ossuary  | Reached skill level 4 in Transmutations
  1191 | Ossuary  | Reached XP level 7. HP: 57/57 MP: 12/12
  1550 | D:4      | Reached skill level 5 in Transmutations
  1721 | D:3      | Found a hide-covered altar of Uskayaw.
  1721 | D:3      | Found a blossoming altar of Fedhas.
  2132 | D:4      | Reached XP level 8. HP: 54/66 MP: 13/13
  2197 | D:5      | Entered Level 5 of the Dungeon
  2211 | D:5      | Reached skill level 5 in Dodging
  2234 | D:5      | Found a staircase to the Ecumenical Temple.
  2242 | D:5      | Reached skill level 6 in Transmutations
  2246 | Temple   | Entered the Ecumenical Temple
  2382 | D:5      | Identified the ring of Coihazuj {rF+ Slay+2}
  2541 | D:5      | Found an ancient bone altar of Kikubaaqudgha.
  2673 | D:5      | Found an ornate altar of the Wu Jian Council.
  2689 | D:5      | Reached skill level 7 in Transmutations
  2732 | D:6      | Reached skill level 5 in Fighting
  2732 | D:6      | Gained mutation: You passively map the area around you.
                  | [Meteoran growth]
  2732 | D:6      | Reached XP level 9. HP: 61/74 MP: 12/14
  2746 | D:5      | Found a broken altar of Ashenzari.
  2749 | D:5      | Found an opulent altar of Gozag.
  2997 | D:6      | Reached skill level 8 in Transmutations
  3094 | D:6      | Learned a level 5 spell: Blade Hands
  3119 | D:6      | Found a shimmering altar of Xom.
  3250 | D:7      | Found a radiant altar of Vehumet.
  3432 | D:7      | Found a sacrificial altar of Ru.
  3448 | D:8      | Noticed Pikel
  3451 | D:8      | Killed Pikel
  3452 | D:8      | Reached skill level 9 in Transmutations
  3452 | D:8      | Reached XP level 10. HP: 64/84 MP: 15/15
  3621 | D:7      | You fall into a shaft and drop 1 floor!
  3632 | D:8      | Noticed a deep elf pyromancer
  3641 | D:8      | HP: 2/84 [fire elemental[a deep elf pyromancer] (6)]
  3643 | D:8      | Killed a deep elf pyromancer
  3644 | D:8      | Reached skill level 10 in Transmutations
  3651 | D:8      | Noticed Maggie
  3664 | D:8      | Killed Maggie
  3668 | D:8      | Found Rywefial's Antique Armour Shop.
  3682 | D:8      | Found Deadoescha's Magic Scroll Boutique.
  3685 | D:8      | Bought a scroll of teleportation for 42 gold pieces
  3685 | D:8      | Bought a scroll of blinking for 105 gold pieces
  3685 | D:8      | Bought a scroll of identify for 28 gold pieces
  3685 | D:8      | Bought a scroll of magic mapping for 105 gold pieces
  3743 | D:8      | Found Garatuw's Weapon Emporium.
  3851 | D:8      | Found Civohuli's Distillery.
  3854 | D:8      | Found Kyent's Antique Weapon Shop.
  4247 | D:8      | Noticed a rime drake
  4251 | D:8      | Killed a rime drake
  4252 | D:8      | Reached skill level 11 in Transmutations
  4269 | D:8      | Noticed a rime drake
  4272 | D:8      | Killed a rime drake
  4347 | D:8      | Reached XP level 11. HP: 42/92 MP: 10/16
  4351 | D:8      | HP: 1/92 [killer bee (8)]
  4442 | D:10     | Entered Level 10 of the Dungeon
  4496 | D:9      | Learned a level 4 spell: Ice Form
  4523 | D:9      | Noticed a two-headed ogre
  4533 | D:9      | Killed a two-headed ogre
  4534 | D:9      | Reached skill level 12 in Transmutations
  4585 | D:9      | Noticed a two-headed ogre
  4595 | D:9      | Killed a two-headed ogre
  4605 | D:9      | Reached skill level 10 in Unarmed Combat
  4610 | D:9      | Found a staircase to the Lair.
  4693 | D:9      | Found a staircase to the Orcish Mines.
  4759 | D:9      | Found a snail-covered altar of Cheibriados.
  4767 | D:9      | Became a worshipper of Cheibriados the Contemplative
  4849 | D:9      | Found a runed translucent door.
  4874 | D:9      | Reached skill level 13 in Transmutations
  4899 | D:9      | Identified the +0 robe "Mycour" {Dex+4}
  5048 | D:9      | Reached XP level 12. HP: 98/103 MP: 17/17
  5068 | D:10     | Found a flagged portal.
  5078 | Bailey   | Entered a bailey
  5082 | Bailey   | Reached * piety under Cheibriados
  5217 | Bailey   | Noticed an orc knight
  5217 | Bailey   | Noticed an orc knight
  5240 | Bailey   | Killed an orc knight
  5241 | Bailey   | Reached skill level 10 in Dodging
  5323 | Bailey   | Killed an orc knight
  5343 | Bailey   | Identified the +10 ice dragon scales "Tuczov" {rF- rC++
                  | rN+}
  5358 | Bailey   | Noticed an orc knight
  5365 | Bailey   | Killed an orc knight
  5522 | D:10     | Reached ** piety under Cheibriados
  5552 | D:10     | Noticed a sixfirhy
  5595 | D:10     | Upgraded the game from 0.29-a0-872-g797fff5ad1 to
                  | 0.29-a0-876-gfc89b1a5bd
  5918 | D:11     | Noticed Maurice
  5936 | D:11     | Killed Maurice
  5937 | D:11     | Reached skill level 14 in Transmutations
  6031 | D:11     | Noticed Snorg
  6055 | D:11     | Killed Snorg
  6315 | D:11     | Noticed Josephine
  6323 | D:11     | Killed Josephine
  6324 | D:11     | Reached XP level 13. HP: 102/113 MP: 12/18
  6328 | D:11     | Reached skill level 10 in Fighting
  6352 | D:12     | Reached *** piety under Cheibriados
  6378 | D:12     | Reached skill level 15 in Transmutations
  6455 | D:12     | Found Uquunky's Jewellery Boutique.
  6661 | D:13     | Reached **** piety under Cheibriados
  6701 | D:15     | Entered Level 15 of the Dungeon
  6740 | D:14     | Noticed a centaur warrior
  6748 | D:14     | Killed a centaur warrior
  6749 | D:14     | Reached skill level 16 in Transmutations
  6767 | D:14     | Noticed a tengu warrior
  6776 | D:14     | Killed a tengu warrior
  6816 | D:14     | Noticed a five-headed hydra
  6824 | D:14     | Killed a ten-headed hydra
  6835 | D:14     | Noticed Louise
  6850 | D:14     | Killed Louise
  6901 | D:14     | Noticed a vault guard
  7170 | Orc:1    | Entered Level 1 of the Orcish Mines
  7183 | D:9      | Reached skill level 1 in Invocations
  7183 | D:9      | Reached XP level 14. HP: 123/124 MP: 19/19
  7277 | Orc:2    | Entered Level 2 of the Orcish Mines
  7294 | Orc:2    | Noticed Donald
  7295 | Orc:2    | Reached ***** piety under Cheibriados
  7303 | Orc:2    | Killed Donald
  7359 | Orc:1    | Reached skill level 5 in Invocations
  7586 | Orc:2    | Reached XP level 15. HP: 56/134 MP: 11/23
  7607 | Orc:2    | Reached skill level 10 in Invocations
  7624 | Orc:2    | Found Tyneite's Armour Shoppe.
  7624 | Orc:2    | Found Ereiq's Antique Weapon Boutique.
  7625 | Orc:2    | Found Bulloam's Jewellery Shop.
  7625 | Orc:2    | Found Jofais's Assorted Antiques.
  7643 | Orc:2    | Found a staircase to the Elven Halls.
  7731 | Lair:1   | Entered Level 1 of the Lair of Beasts
  7933 | Lair:2   | Found a staircase to the Snake Pit.
  7939 | Snake:1  | Entered Level 1 of the Snake Pit
  7955 | Snake:1  | Found Ogaef's General Store.
  7958 | Snake:1  | Found Nemampienk's General Store.
  7960 | Snake:1  | Found Hain's Antique Weapon Shop.
  7964 | Snake:1  | Bought a book of the Earth for 576 gold pieces
  7983 | Snake:1  | Learned a level 6 spell: Statue Form
  8013 | Snake:1  | Noticed Nikola
  8022 | Snake:1  | Killed Nikola
  8023 | Snake:1  | Reached skill level 1 in Earth Magic
  8201 | Snake:2  | Noticed Vashnia
  8216 | Snake:2  | HP: 7/176 [naga sharpshooter/bolt[Vashnia] (16)]
  8218 | Snake:2  | HP: 3/176 [naga sharpshooter/bolt[Vashnia] (16)]
  8218 | Snake:2  | Shot with an arrow by a naga sharpshooter

Illustrated notes

Levels and vault maps discovered:
D:1:      psy_arrival_statuary, layout_loops_ring, serial_shops, shop_statue,
          grunt_decor_mini_mirrors
D:2:      layout_loops_ring, dreamdust_ecumenical_altar_grove, serial_shops,
          nicolae_shop_overgrown_old_shop, minmay_tetromino_s2, uniq_jessica
D:3:      layout_basic, mainiacjoe_overflow_large_starburst,
          minmay_misc_feat_encased
D:4:      layout_loops_ring, overflow_temple_1_default, enter_ossuary_3
D:5:      layout_cave_pools, kennysheep_vampire_church, kennysheep_mini_moat,
          nicolae_overflow_squiral, minmay_temple_entry_ruins
D:6:      layout_cave_pools, xom_teletrap_fun
D:7:      layout_basic, mainiacjoe_overflow_concentric_impassable,
          nicolae_overflow_hidden_temple, wad_floor_pattern_1
D:8:      layout_cave_pools, serial_shops, shop, nicolae_shop_behind_doors,
          nicolae_shop_bloodbath_and_beyond, shop, nicolae_shop_crystal,
          dilly_guarded_unrand_elemental_staff, uniq_maggie, uniq_pikel
D:9:      layout_basic, chei_slow_surprise, due_lair_maze_entry_diamond,
          hiddenorc2_lemuel, minmay_misc_feat_tiny, lightli_church_of_beogh
D:10:     layout_basic, enter_trove_2, enter_bailey_2, abandoned_shop
D:11:     layout_irregular_city, uniq_josephine, uniq_snorg, uniq_maurice
D:12:     layout_rooms, serial_shops, nicolae_shop_waterfront,
          serial_bayou_pond_d
D:13:     layout_stronghold
D:14:     layout_roguey, grunt_vaults_entry_fortified,
          hangedman_decor_peaks_small, nicolae_danse_macabre, uniq_rupert,
          uniq_louise
D:15:     grunt_enter_depths_magical_seal, layout_basic, dk_noncrumbling_2,
          minmay_hedge_maze, nicolae_ashenzari_panopticon
Temple:   jpeg_temple_clearing
Lair:1:   layout_roguey, basic_altar
Lair:2:   layout_regular_city, minmay_snake_entry_guardpost_medium,
          gammafunk_ghost_hydra_chop, serial_bayou_shore_b,
          infiniplex_staircase_pool
Snake:1:  layout_misc_corridors, grunt_megastairs_4, minmay_shop_star,
          lemuel_fruit_tree, uniq_nikola
Snake:2:  layout_cave_town, serial_bayou, serial_bayou_pond_a,
          serial_bayou_lagoon_a, serial_bayou_shore_b, serial_bayou_ford_a,
          uniq_vashnia
Orc:1:    layout_caves, basic_altar, special_room [special_room_orc],
          mines2_lemuel
Orc:2:    st_orc_ogre_mass, layout_caves, basic_altar, lemuel_statue_altar,
          nicolae_orc_crystal_geode, uniq_donald

Skill      XL: |  1  2  3  4  5  6  7  8  9 10 11 12 13 14 15 |
---------------+----------------------------------------------+-----
Poison Magic   | 1 |  1.0
Transmutations | 3 4 5 7 9 11 13 14 16 | 16.0
Unarmed Combat | 4 5 6 7 8 10 11 12 14 | 14.7
Fighting       | 2 3 4 5 6 7 8 9 11 12 13 | 13.3
Dodging        | 3 4 5 7 8 9 11 12 | 12.0
Invocations    | 1 9 11 | 11.8
Earth Magic    | 4 |  4.1
Spellcasting   | |  2.7

Action                   |  1- 3 |  4- 6 |  7- 9 | 10-12 | 13-15 || total
-------------------------+-------+-------+-------+-------+-------++-------
Melee: Unarmed           |    48 |   136 |   259 |   395 |   361 ||  1199
       Kick              |     7 |    11 |     2 |       |       ||    20
       Headbutt          |     4 |     6 |     2 |       |       ||    12
       Punch             |       |     2 |       |     7 |    29 ||    38
       Staff             |       |       |       |     2 |    10 ||    12
 Cast: Beastly Appendage |     7 |    12 |     2 |       |       ||    21
       Wereblood         |       |     5 |     2 |     8 |     5 ||    20
       Spider Form       |       |     3 |    27 |     2 |       ||    32
       Blade Hands       |       |       |     2 |    18 |    39 ||    59
       Ice Form          |       |       |       |    16 |       ||    16
       Statue Form       |       |       |       |       |     4 ||     4
Invok: Slouch            |       |       |       |       |    11 ||    11
 Abil: End Transformatio |       |       |       |     1 |       ||     1
Evoke: Wand              |       |       |     2 |    30 |     7 ||    39
  Use: Scroll            |     1 |     6 |     8 |     9 |     7 ||    31
       Potion            |       |     1 |     1 |    10 |     5 ||    17
Armor: Robe              |     7 |    17 |    12 |    37 |     1 ||    74
       Skin              |       |    23 |    22 |    65 |    39 ||   149
       Ice dragon scales |       |       |       |     5 |   146 ||   151
Dodge: Dodged            |    24 |    80 |   214 |   264 |   375 ||   957

Table legend: (Time is in decaauts)
 A = Elapsed time spent in this place.
 B = Non-inter-level travel time spent in this place.
 C = Inter-level travel time spent in this place.
 D = Time resting spent in this place.
 E = Time spent auto-exploring this place.
 F = Levels seen in this place.
 G = Mean time per level.
                   A        B        C        D        E       F      G
               +--------+--------+--------+--------+--------+-----+--------+
         Total |   9631 |   9061 |    570 |    109 |     70 |  24 |  401.3 |
       Dungeon |   7185 |   6663 |    522 |    109 |     70 |  15 |  479.0 |
        Temple |     87 |     87 |      0 |      0 |      0 |   1 |   87.0 |
          Lair |    322 |    322 |      0 |      0 |      0 |   2 |  161.0 |
     Snake Pit |    514 |    514 |      0 |      0 |      0 |   2 |  257.0 |
  Orcish Mines |    653 |    606 |     47 |      0 |      0 |   2 |  326.5 |
       Ossuary |    397 |    397 |      0 |      0 |      0 |   1 |  397.0 |
        Bailey |    469 |    469 |      0 |      0 |      0 |   1 |  469.0 |
               +--------+--------+--------+--------+--------+-----+--------+

Top non-repeatable levels by time:
     D:7: 796 daAuts
     D:9: 785 daAuts
    D:10: 683 daAuts
    D:11: 677 daAuts
     D:5: 562 daAuts
     D:2: 540 daAuts
     D:3: 487 daAuts
  Bailey: 469 daAuts
     D:8: 450 daAuts
    D:14: 443 daAuts
    D:12: 436 daAuts
 Ossuary: 397 daAuts
   Orc:1: 387 daAuts
     D:4: 386 daAuts
     D:1: 373 daAuts
